Map: Romanticide LE

Players

EnDerr - Winner!

  • Race: Zerg Zerg
  • Spawn Location: 5:00

RiSky

  • Race: Zerg Zerg
  • Spawn Location: 11:00

Event: DreamHack SC2 Masters 2020 Winter

VOD

Have the link to the VOD?

Description

Time

  • Played on: Oct. 21, 2020, 5:32 a.m.
  • Length: 9:03

All games in this series

Show
View Real Time Build Order
Export as new Build Order

EnDerr Zerg - Winner!

Build Orders: Hatch First 

Get SALT Encoding   

  12  0:00  Drone  
  13  0:12  Overlord  
  13  0:17  Drone  
  14  0:31  Drone x2  
  16  0:47  Hatchery  
  15  0:51  Drone  
  15  0:54  Drone  
  17  0:58  Drone  
  18  1:08  Extractor  
  17  1:14  Spawning Pool  
  17  1:17  Drone  
  17  1:20  Drone  
  18  1:28  Drone  
  19  1:43  Drone  
  20  1:50  Overlord  
  20  2:01  Queen x2  
  22  2:03  Zergling x2  
  22  2:04  Drone  
  26  2:10  Metabolic Boost  
  26  2:14  Drone x2  
  28  2:21  Drone  
  28  2:22  Drone  
  30  2:38  Hatchery  
  30  2:44  Overlord  
  29  2:45  Drone  
  29  2:48  Drone  
  31  2:52  Zergling x2  
  31  2:54  Zergling x4  
  34  3:04  Zergling x2  
  35  3:06  Zergling x2  
  35  3:09  Zergling x6  
  35  3:10  Zergling x4  
  42  3:12  Zergling x2  
  42  3:20  Overlord  
  42  3:28  Queen  
  44  3:36  Roach Warren  
  44  3:37  Drone  
  44  3:39  Drone  
  44  3:40  Drone x2  
  47  3:42  Drone  
  47  3:44  Drone  
  47  3:45  Drone  
  48  3:57  Drone  
  48  3:58  Drone  
  48  3:59  Drone  
  48  4:00  Drone  
  48  4:02  Drone x2  
  48  4:10  Overlord  
  48  4:16  Extractor  
  47  4:19  Roach x5  
  56  4:27  Overlord x2  
  56  4:28  Overlord  
  56  4:34  Roach  
  56  4:38  Roach, Zergling x2  
  60  4:45  Roach x2  
  65  4:47  Roach  
  65  4:49  Roach x3  
  65  4:51  Drone  
  74  4:58  Drone x2  
  76  5:00  Evolution Chamber  
  76  5:04  Zergling x8  
  76  5:05  Zergling x2  
  80  5:11  Zergling x2  
  80  5:12  Zergling x2  
  82  5:23  Overlord x2  
  82  5:24  Drone x4  
  86  5:29  Zerg Missile Weapons Level 1  
  86  5:32  Drone  
  86  5:33  Drone x2  
  86  5:34  Overlord  
  89  5:39  Lair  
  89  5:43  Drone x2  
  89  5:47  Overlord  
  88  5:55  Drone x4  
  88  5:56  Drone x3  
  88  5:57  Drone  
  89  5:59  Extractor  
  89  6:00  Drone x2  
  86  6:04  Drone  
  86  6:06  Overlord  
  86  6:07  Drone  
  81  6:13  Roach x2  
  81  6:15  Roach x3  
  83  6:18  Roach  
  83  6:23  Roach x2  
  83  6:24  Roach  
  83  6:31  Evolution Chamber, Roach x4  
  90  6:36  Roach  
  90  6:37  Extractor  
  90  6:38  Roach  
  90  6:39  Roach  
  95  6:43  Drone x2  
  95  6:44  Overlord  
  95  6:46  Roach  
  99  6:47  Extractor  
  99  6:50  Roach  
  100  6:56  Overlord  
  100  6:57  Overlord  
  100  6:58  Overlord  
  100  7:01  Glial Reconstitution  
  100  7:06  Overlord  
  100  7:11  Roach x7  
  114  7:16  Overlord  
  114  7:25  Nydus Network  
  114  7:29  Overlord x2  
  113  7:32  Overseer  
  113  7:37  Drone x2  
  113  7:39  Drone x3, Extractor  
  113  7:40  Roach  
  113  7:41  Roach x5  
  129  7:44  Roach x2  
  129  7:48  Roach x2  
  129  7:50  Roach  
  139  7:53  Roach  
  139  7:55  Roach  
  139  7:58  Roach x2  
  147  7:59  Roach  
  149  8:08  Nydus Canal  
  149  8:09  Roach x3  
  155  8:14  Roach x4  
  155  8:15  Overseer  
  155  8:17  Roach x2  
  167  8:26  Roach x2  
  171  8:29  Roach  
  171  8:30  Roach x2  
  173  8:38  Roach x2, Nydus Canal  
  173  8:39  Roach x3  
  173  8:42  Roach x2  
Show
View Real Time Build Order
Export as new Build Order

RiSky Zerg 

Build Orders: Hatch First, Zergling Baneling 

Get SALT Encoding   

  12  0:00  Drone  
  13  0:12  Overlord  
  13  0:17  Drone  
  14  0:30  Drone x2  
  16  0:48  Hatchery  
  15  0:51  Drone  
  15  0:55  Drone  
  17  0:58  Drone  
  18  1:09  Extractor  
  17  1:13  Spawning Pool  
  17  1:16  Drone  
  17  1:20  Drone  
  18  1:28  Drone  
  19  1:39  Drone  
  20  1:49  Drone  
  21  1:59  Overlord  
  21  2:00  Queen x2  
  25  2:01  Zergling x2  
  26  2:09  Metabolic Boost  
  26  2:11  Drone x2  
  28  2:21  Drone  
  28  2:22  Drone  
  30  2:32  Zergling x2  
  30  2:35  Hatchery  
  30  2:42  Drone  
  30  2:43  Drone  
  32  2:46  Baneling Nest  
  32  2:51  Overlord  
  31  2:55  Zergling x2  
  32  2:59  Drone  
  33  3:08  Drone  
  33  3:10  Drone x2  
  33  3:12  Drone x2  
  38  3:14  Zergling x2  
  38  3:16  Drone  
  40  3:21  Evolution Chamber  
  40  3:22  Overlord  
  40  3:23  Zergling x2  
  40  3:24  Zergling x2  
  41  3:30  Baneling  
  41  3:31  Zergling x2  
  41  3:33  Baneling  
  42  3:34  Queen  
  42  3:37  Baneling  
  44  3:44  Zergling x10  
  48  3:50  Baneling x2  
  48  3:55  Drone  
  48  3:57  Zergling x4  
  48  3:58  Zergling x6  
  48  4:02  Zergling x2  
  52  4:03  Baneling x2  
  52  4:07  Baneling  
  49  4:12  Roach Warren  
  49  4:13  Drone x3  
  51  4:17  Drone  
  52  4:27  Drone, Overlord x2  
  52  4:28  Extractor  
  52  4:29  Extractor  
  51  4:41  Spine Crawler  
  51  4:43  Spine Crawler  
  49  4:53  Roach x4  
  49  4:54  Roach  
  49  4:57  Drone  
  49  4:58  Drone x2  
  49  4:59  Roach  
  64  5:01  Overlord  
  64  5:02  Overlord  
  64  5:06  Roach  
  66  5:09  Roach  
  66  5:11  Drone  
  70  5:15  Drone x4  
  70  5:19  Zerg Missile Weapons Level 1  
  74  5:23  Overlord  
  74  5:24  Roach  
  76  5:31  Roach x2  
  79  5:36  Zergling x6  
  79  5:40  Zergling x2, Spine Crawler  
  82  5:42  Zergling x2  
  82  5:47  Zergling x6  
  81  5:50  Zergling x4  
  81  5:55  Zergling x6  
  77  6:02  Roach x3  
  71  6:08  Roach x2  
  68  6:19  Lair  
  68  6:20  Drone  
  68  6:21  Drone x5  
  68  6:23  Drone x2  
  68  6:24  Ravager x2  
  77  6:29  Ravager  
  77  6:32  Ravager  
  79  6:33  Drone x2  
  79  6:34  Drone  
  79  6:35  Queen  
  84  6:42  Overlord  
  84  6:45  Drone x2  
  84  6:46  Queen  
  88  6:52  Drone x3  
  88  6:53  Overlord  
  91  6:57  Drone  
  91  6:59  Roach  
  94  7:04  Extractor  
  94  7:05  Roach x2  
  101  7:08  Roach x3  
  101  7:10  Roach  
  101  7:15  Overlord  
  105  7:17  Glial Reconstitution  
  105  7:18  Extractor  
  105  7:20  Drone  
  105  7:22  Extractor  
  104  7:27  Drone  
  104  7:28  Drone  
  104  7:29  Overlord  
  106  7:30  Overseer  
  106  7:31  Drone  
  106  7:32  Hatchery  
  106  7:37  Overseer  
  106  7:38  Overlord  
  106  7:40  Drone x2  
  106  7:42  Overlord  
  108  7:44  Drone  
  108  7:48  Hydralisk Den, Overlord  
  108  7:52  Roach x3  
  108  7:56  Roach x2  
  119  8:01  Roach x2  
  123  8:05  Pneumatized Carapace  
  123  8:07  Roach x4  
  123  8:10  Roach x2  
  135  8:15  Roach x2  
  139  8:20  Roach x2  
  139  8:24  Spine Crawler  
  139  8:25  Roach x2, Spine Crawler  
  145  8:29  Roach x3  
  145  8:34  Roach x2  
  152  8:40  Roach x2  
Tags
 
Add a new tag
Caveats
  • Supply blocks, unpowered buildings, or Contaminate may cause inaccurate times.
  • Supply counts are checked every 10 seconds.